 Dungeon Crawl Stone Soup version 0.26-a0-852-g6321bf7485 (webtiles) character file.

Game seed: 4582810089349021550

2734 cobaltphoenix the Thaumaturge (level 9, -11/66 HPs)
             Began as a Gnoll Hedge Wizard on Nov 21, 2020.
             Was a Priest of Vehumet.
             Shot with a bolt by an orc warrior (20 damage)
             ... in a bailey.
             The game lasted 00:36:05 (10297 turns).

cobaltphoenix the Thaumaturge (Gnoll Hedge Wizard) Turns: 10297, Time: 00:36:06

Health: -11/66     AC:  7    Str: 15    XL:     9   Next: 67%
Magic:  14/21      EV: 16    Int: 17    God:    Vehumet [***...]
Gold:   218        SH:  5    Dex: 15    Spells: 11/25 levels left

rFire    . . .     SeeInvis .   b - +3 rapier (elec)
rCold    . . .     Faith    .   r - +0 buckler
rNeg     . . .     Spirit   .   g - +2 robe {MR+}
rPois    .         Reflect  .   s - +0 helmet
rElec    +         Harm     .   l - +1 cloak
rCorr    +         Rampage  .   (no gloves)
MR       +....                  (no boots)
Stlth    +++.......             y - amulet of Xutoupn {RegenMP rElec}
HPRegen  0.21/turn              q - ring of wizardry {Wiz+, !d}
MPRegen  0.42/turn              e - ring of resist corrosion

@: no status effects
A: distributed training, fangs 1, strong nose
a: Renounce Religion


You were in a bailey.
You worshipped Vehumet.
Vehumet was most pleased with you.
You visited 1 branch of the dungeon, and saw 7 of its levels.
You also visited: Ossuary and Bailey.

You collected 344 gold pieces.
You spent 126 gold pieces at shops.


Innate Abilities, Weirdness & Mutations

Your experience applies equally to all skills.
You have very sharp teeth.
Your uncanny sense of smell can sniff out nearby items.


   Skills:
 + Level 4.4 Fighting
 + Level 4.4 Short Blades
 + Level 4.4 Long Blades
 + Level 4.4 Axes
 + Level 4.4 Maces & Flails
 + Level 4.4 Polearms
 + Level 4.4 Staves
 + Level 4.4 Slings
 + Level 4.4 Bows
 + Level 4.4 Crossbows
 + Level 4.4 Throwing
 + Level 4.4 Armour
 + Level 6.5 Dodging
 + Level 6.2 Stealth
 + Level 4.4 Shields
 + Level 4.4 Unarmed Combat
 + Level 8.5 Spellcasting
 + Level 4.3 Conjurations
 + Level 3.7 Hexes
 + Level 4.3 Summonings
 + Level 3.7 Necromancy
 + Level 4.3 Translocations
 + Level 3.7 Transmutations
 + Level 3.7 Fire Magic
 + Level 3.7 Ice Magic
 + Level 3.7 Air Magic
 + Level 3.7 Earth Magic
 + Level 3.7 Poison Magic
 + Level 4.9 Invocations
 + Level 4.4 Evocations


You had 11 spell levels left.
You knew the following spells:

 Your Spells              Type           Power        Failure   Level
a - Magic Dart            Conj           ###.         1%          1
b - Blink                 Tloc           N/A          1%          2
c - Call Imp              Summ           ###.....     1%          2
d - Conjure Flame         Conj/Fire      ###.....     1%          3
e - Shock                 Conj/Air       ###.         1%          1
w - Passwall              Tmut/Erth      ###.....     1%          2
x - Mephitic Cloud        Conj/Pois/Air  ###.....     1%          3

Your spell library contained the following spells:

 Spells                   Type           Power        Failure   Level
 Fulminant Prism          Conj/Hex       ###.......   2%          4
 Slow                     Hex            ###.....     1%          2
 Fireball                 Conj/Fire      ###.......   6%          5
 Alistair's Intoxication  Tmut/Pois      ###......    24%         5

Inventory:

Hand Weapons
 a - a +1 dagger of draining
   (You took it off a goblin on level 3 of the Dungeon)
 b - a +3 rapier of electrocution (weapon)
   (You took it off Eustachio on level 4 of the Dungeon)
 d - a +1 short sword of speed
   (You took it off an orc on level 4 of the Dungeon)
 m - a +0 whip of electrocution
   (You took it off a gnoll on level 4 of the Dungeon)
 o - a +4 hand axe
   (You found it on level 1 of the Dungeon)
 v - a +0 dagger
Missiles
 c - 47 poisoned darts
 k - 5 curare-tipped darts
Armour
 g - a +2 robe of magic resistance (worn)
   (You found it on level 1 of the Dungeon)
 l - a +1 cloak (worn)
   (You found it on level 1 of the Dungeon)
 r - a +0 buckler (worn)
   (You found it on level 4 of the Dungeon)
 s - a +0 helmet (worn)
   (You took it off Robin on level 2 of the Dungeon)
Magical Staves
 w - an uncursed staff of air {rElec}
   (You found it on level 3 of the Dungeon)
Jewellery
 e - a ring of resist corrosion (right hand)
   (You found it on level 5 of the Dungeon)
 q - a ring of wizardry (left hand) {Wiz+, !d}
   (You found it on level 2 of the Dungeon)
 t - an uncursed amulet of faith {Faith, !P}
   (You took it off a goblin on level 2 of the Dungeon)
 x - an uncursed ring of see invisible {sInv, !d}
   (You found it on level 3 of the Dungeon)
 y - the amulet of Xutoupn (around neck) {RegenMP rElec}
   (You acquired it on level 7 of the Dungeon)

   [amulet of magic regeneration]

   It increases your magic regeneration.
   It insulates you from electricity.
Wands
 h - a wand of acid (10)
   (You found it on level 6 of the Dungeon)
Scrolls
 f - 5 scrolls of teleportation
 j - 8 scrolls of remove curse
 z - a scroll of fog
 H - 3 scrolls of fear
Potions
 i - 2 potions of brilliance
 n - 2 potions of haste
 p - 3 potions of lignification {!q}
 A - 2 potions of ambrosia
 E - a potion of mutation {unknown}

Dungeon Overview and Level Annotations

Branches:
Dungeon (7/15)             Temple (0/1) D:6         Ossuary (visited)
 Bailey (1/1)

Altars:
Ashenzari
Cheibriados
Kikubaaqudgha
Makhleb
Nemelex Xobeh
Okawaru
Qazlal
Vehumet
Zin

Shops:
D:4 ?

Annotations:
D:4 2 runed translucent doors, SolusNox's ghost, novice TrMo

.≈##
.≈≈#)#≈≈≈≈≈≈≈≈≈≈≈≈≈≈≈≈≈≈≈#o#≈
.≈≈≈≈≈≈≈≈≈≈≈≈≈≈≈≈≈≈≈≈≈≈≈≈≈≈≈≈
................o§...........
................○☼...........
.................☼...........
.............................
.............................
.(..............@..(.(.......
#############################


You could see an orc warrior.


Message History

The orc warrior shoots a bolt.
The bolt hits you!!
You see here a bolt.
You take 18 damage, and have 41/66 hp.
MASSIVE DAMAGE!!
Aim: an orc warrior, wielding a +0 arbalest, wearing a +0 ring mail and quivering 14 bolts The zap hits the orc warrior.
The orc warrior shoots a bolt.
The bolt hits you!
You take 10 damage, and have 31/66 hp.
You now have 20/21 mp.
Aim: an orc warrior, wielding a +0 arbalest, wearing a +0 ring mail and quivering 13 bolts (lightly wounded)
The zap hits the orc warrior.
You now have 19/21 mp.
Aim: an orc warrior, wielding a +0 arbalest, wearing a +0 ring mail and quivering 13 bolts (lightly wounded)
The zap hits the orc warrior.
The orc warrior shoots a bolt.
The bolt barely misses you.
Aim: an orc warrior, wielding a +0 arbalest, wearing a +0 ring mail and quivering 12 bolts (moderately wounded)
The zap misses the orc warrior.
The orc warrior shoots a bolt.
The bolt misses you.
You now have 18/21 mp.
Aim: an orc warrior, wielding a +0 arbalest, wearing a +0 ring mail and quivering 11 bolts (moderately wounded)
The zap hits the orc warrior.
Aim: an orc warrior, wielding a +0 arbalest, wearing a +0 ring mail and quivering 11 bolts (moderately wounded)
The zap misses the orc warrior.
The orc warrior shoots a bolt.
The bolt barely misses you.
You now have 17/21 mp.
Aim: an orc warrior, wielding a +0 arbalest, wearing a +0 ring mail and quivering 10 bolts (moderately wounded)
The zap hits the orc warrior.
You now have 16/21 mp.
Aim: an orc warrior, wielding a +0 arbalest, wearing a +0 ring mail and quivering 10 bolts (moderately wounded)
The zap misses the orc warrior.
Aim: an orc warrior, wielding a +0 arbalest, wearing a +0 ring mail and quivering 10 bolts (moderately wounded)
The zap hits the orc warrior.
The orc warrior shoots a bolt.
The bolt misses you.
You now have 15/21 mp.
Aim: an orc warrior, wielding a +0 arbalest, wearing a +0 ring mail and quivering 9 bolts (heavily wounded)
The zap hits the orc warrior.
Aim: an orc warrior, wielding a +0 arbalest, wearing a +0 ring mail and quivering 9 bolts (heavily wounded)
The zap hits the orc warrior!
The orc warrior shoots a bolt.
The bolt misses you.
You now have 14/21 mp.
Aim: an orc warrior, wielding a +0 arbalest, wearing a +0 ring mail and quivering 8 bolts (severely wounded)
The zap hits the orc warrior.
Aim: an orc warrior, wielding a +0 arbalest, wearing a +0 ring mail and quivering 8 bolts (almost dead)
The zap hits the orc warrior.
The orc warrior shoots a bolt.
The bolt hits you!
You hear a shout!
You take 13 damage, and have 20/66 hp.
You now have 13/21 mp.
Aim: an orc warrior, wielding a +0 arbalest, wearing a +0 ring mail and quivering 7 bolts (almost dead)
The zap hits the orc warrior.
You kill the orc warrior!
Vehumet accepts your kill.
You feel your power returning.
An orc comes into view. It is wielding a +0 arbalest.
You see here a bolt.
You start resting.
An orc warrior comes into view. It is wielding a +0 arbalest.
You regained 5 hp, and now have 26/66 hp.
MP restored: 21
Aim: an orc warrior, wielding a +0 arbalest, wearing a +0 ring mail and quivering 14 bolts (wandering, hasn't noticed you)
The zap hits the orc warrior.
The orc warrior shouts!
You now have 20/21 mp.
Aim: an orc warrior, wielding a +0 arbalest, wearing a +0 ring mail and quivering 14 bolts (moderately wounded)
The zap hits the orc warrior.
The orc warrior shoots a bolt.
You block the bolt.
You now have 19/21 mp.
Aim: an orc warrior, wielding a +0 arbalest, wearing a +0 ring mail and quivering 13 bolts (moderately wounded)
The zap hits the orc warrior.
Aim: an orc warrior, wielding a +0 arbalest, wearing a +0 ring mail and quivering 13 bolts (moderately wounded)
The zap hits the orc warrior!
You now have 18/21 mp.
Aim: an orc warrior, wielding a +0 arbalest, wearing a +0 ring mail and quivering 13 bolts (heavily wounded)
The zap hits the orc warrior.
The orc warrior shoots a bolt.
The bolt closely misses you.
Aim: an orc warrior, wielding a +0 arbalest, wearing a +0 ring mail and quivering 12 bolts (severely wounded)
The zap hits the orc warrior.
The orc warrior shoots a bolt.
The bolt hits you!
* * * LOW HITPOINT WARNING * * *
You take 14 damage, and have 13/66 hp.
MASSIVE DAMAGE!!
You now have 17/21 mp.
Aim: an orc warrior, wielding a +0 arbalest, wearing a +0 ring mail and quivering 11 bolts (severely wounded)
The magic dart hits the orc warrior but does no damage.
Aim: an orc warrior, wielding a +0 arbalest, wearing a +0 ring mail and quivering 11 bolts (severely wounded)
The magic dart hits the orc warrior.
The orc warrior shoots a bolt.
The bolt hits you!
* * * LOW HITPOINT WARNING * * *
You take 12 damage, and have 1/66 hp.
You now have 16/21 mp.
You feel much better.
The orc warrior shoots a bolt.
The bolt hits you!!
* * * LOW HITPOINT WARNING * * *
Unknown command.
Okay, then.
You can't see any susceptible monsters within range! (Use Z to cast anyway.)
You feel better.
You regained 6 hp, and now have 8/66 hp.
The ball explodes into a vile cloud!
The stinking cloud engulfs the orc warrior but does no damage.
You hear a shout!
You now have 14/21 mp.
Aim: an orc warrior, wielding a +0 arbalest, wearing a +0 ring mail and quivering 9 bolts (noxious fumes, severely wounded)
The magic dart hits the orc warrior.
The orc warrior is engulfed in noxious fumes.
The orc warrior shoots a bolt.
The bolt hits you!!
You die...

Skill      XL: |  1  2  3  4  5  6  7  8  9 |
---------------+----------------------------+-----
Conjurations   | 2 3 4 |  4.3
Summonings     | 2 3 4 |  4.3
Translocations | 2 3 4 |  4.3
Invocations    | 1 2 3 4 |  4.9
Fighting       | 1 2 3 4 |  4.4
Short Blades   | 1 2 3 4 |  4.4
Long Blades    | 1 2 3 4 |  4.4
Axes           | 1 2 3 4 |  4.4
Maces & Flails | 1 2 3 4 |  4.4
Polearms       | 1 2 3 4 |  4.4
Staves         | 1 2 3 4 |  4.4
Slings         | 1 2 3 4 |  4.4
Bows           | 1 2 3 4 |  4.4
Crossbows      | 1 2 3 4 |  4.4
Throwing       | 1 2 3 4 |  4.4
Armour         | 1 2 3 4 |  4.4
Shields        | 1 2 3 4 |  4.4
Unarmed Combat | 1 2 3 4 |  4.4
Evocations     | 1 2 3 4 |  4.4
Hexes          | 1 2 3 |  3.7
Necromancy     | 1 2 3 |  3.7
Transmutations | 1 2 3 |  3.7
Fire Magic     | 1 2 3 |  3.7
Ice Magic      | 1 2 3 |  3.7
Air Magic      | 1 2 3 |  3.7
Earth Magic    | 1 2 3 |  3.7
Poison Magic   | 1 2 3 |  3.7
Dodging        | 5 6 |  6.5
Stealth        | 5 6 |  6.2
Spellcasting   | 8 |  8.5

Action                   |  1- 3 |  4- 6 |  7- 9 || total
-------------------------+-------+-------+-------++-------
Melee: Dagger            |     5 |    14 |    19 ||    38
       Hand axe          |    17 |   230 |       ||   247
       Bite              |       |    45 |    25 ||    70
       Punch             |       |     1 |       ||     1
       Rapier            |       |     4 |   181 ||   185
Throw: Dart              |       |     4 |     1 ||     5
 Cast: Magic Dart        |    62 |   116 |   286 ||   464
       Conjure Flame     |     1 |     1 |       ||     2
       Call Imp          |       |     3 |     3 ||     6
       Mephitic Cloud    |       |     1 |     1 ||     2
       Shock             |       |       |    74 ||    74
       Blink             |       |       |     6 ||     6
  Use: Scroll            |       |     8 |     9 ||    17
       Potion            |       |       |     3 ||     3
 Stab: Sleeping          |       |     3 |     4 ||     7
       Confused          |       |     2 |       ||     2
Armor: Robe              |     8 |    12 |    57 ||    77
Dodge: Dodged            |    28 |    59 |   134 ||   221
Block: Buckler           |       |       |    49 ||    49

Levels and vault maps discovered:
D:1:      roderic_crop_circles_arrival_small, layout_basic,
          minmay_split_cup_small
D:2:      layout_loops_ring, grunt_temple_overflow_order_and_chaos_2,
          serial_forest, infiniplex_forest_lined_corner,
          infiniplex_forest_split, infiniplex_forest_corner_1,
          infiniplex_forest_join, infiniplex_forest_lined_room_2,
          infiniplex_forest_lined_room_3, roderic_serpentine_path,
          ashenzari_altar_1, uniq_robin, uniq_terence
D:3:      layout_basic, nicolae_qazlal_style_of_elements,
          general_overflow_altar, kennysheep_generic_room_11
D:4:      layout_gridville, marbit_many_paths, ebering_ghost_disaster_area,
          serial_shops, nicolae_shop_waterfront, st_stairs_10,
          nemelex_spade_bored_becter, uniq_eustachio
D:5:      layout_loops_cross, lemuel_zombie_altar_kikubaaqudgha, st_stairs_3,
          uniq_duvessa
D:6:      layout_rooms, minmay_temple_entry_hall, gup_ossuary_entry_pyramid,
          kennysheep_okawaru_gauntlet
D:7:      layout_cave_pools, grunt_temple_overflow_diamond,
          lemuel_crystal_altar, lemuel_doored_altar, serial_gnoll_camp,
          gnoll_camp_mini_basic, gnoll_camp_mini_hut, gnoll_camp_medium_02,
          gnoll_camp_mini_hut, gnoll_camp_mini_hut, basic_altar, enter_bailey_3
Bailey:   bailey_polearm_2, bailey

Notes
Turn   | Place    | Note
-------+----------+-------------------------------------------
     0 | D:1      | cobaltphoenix the Gnoll Hedge Wizard began the quest for
                  | the Orb.
     0 | D:1      | Reached XP level 1. HP: 13/13 MP: 8/8
   291 | D:1      | Reached skill level 2 in Conjurations
   291 | D:1      | Reached skill level 2 in Summonings
   291 | D:1      | Reached skill level 2 in Translocations
   528 | D:1      | Reached XP level 2. HP: 19/19 MP: 5/10
  1428 | D:2      | Reached XP level 3. HP: 25/25 MP: 6/11
  1480 | D:2      | Learned a level 2 spell: Blink
  1483 | D:2      | Learned a level 2 spell: Call Imp
  1487 | D:2      | Learned a level 3 spell: Conjure Flame
  1491 | D:2      | Learned a level 3 spell: Mephitic Cloud
  1529 | D:2      | Found a burning altar of Makhleb.
  1531 | D:2      | Found a glowing silver altar of Zin.
  1531 | D:2      | Noticed a green death
  1531 | D:2      | Noticed an angel
  1586 | D:2      | Reached skill level 1 in Invocations
  1590 | D:2      | Reached skill level 1 in Fighting
  1590 | D:2      | Reached skill level 1 in Short Blades
  1590 | D:2      | Reached skill level 1 in Long Blades
  1590 | D:2      | Reached skill level 1 in Axes
  1590 | D:2      | Reached skill level 1 in Maces & Flails
  1590 | D:2      | Reached skill level 1 in Polearms
  1590 | D:2      | Reached skill level 1 in Staves
  1590 | D:2      | Reached skill level 1 in Slings
  1590 | D:2      | Reached skill level 1 in Bows
  1590 | D:2      | Reached skill level 1 in Crossbows
  1590 | D:2      | Reached skill level 1 in Throwing
  1590 | D:2      | Reached skill level 1 in Armour
  1590 | D:2      | Reached skill level 1 in Shields
  1590 | D:2      | Reached skill level 1 in Unarmed Combat
  1590 | D:2      | Reached skill level 1 in Evocations
  1739 | D:2      | Reached XP level 4. HP: 32/32 MP: 7/13
  2027 | D:2      | Noticed Robin
  2046 | D:2      | Killed Robin
  2203 | D:2      | Reached skill level 1 in Hexes
  2203 | D:2      | Reached skill level 1 in Necromancy
  2203 | D:2      | Reached skill level 1 in Transmutations
  2203 | D:2      | Reached skill level 1 in Fire Magic
  2203 | D:2      | Reached skill level 1 in Ice Magic
  2203 | D:2      | Reached skill level 1 in Air Magic
  2203 | D:2      | Reached skill level 1 in Earth Magic
  2203 | D:2      | Reached skill level 1 in Poison Magic
  2226 | D:2      | Found a broken altar of Ashenzari.
  2565 | D:2      | Noticed Terence
  2576 | D:2      | Killed Terence
  2577 | D:2      | Reached XP level 5. HP: 32/37 MP: 14/14
  3372 | D:3      | Found a stormy altar of Qazlal.
  3374 | D:3      | Noticed a water elemental
  3375 | D:3      | Noticed an air elemental
  3375 | D:3      | Noticed a fire elemental
  3735 | D:3      | Found a snail-covered altar of Cheibriados.
  4769 | D:4      | Reached skill level 2 in Invocations
  4769 | D:4      | Reached XP level 6. HP: 23/44 MP: 12/16
  4782 | D:4      | HP: 11/44 [poisoned by a scorpion]
  4788 | D:4      | HP: 9/44 [poisoned by a scorpion]
  4794 | D:4      | HP: 8/44 [poisoned by a scorpion]
  4802 | D:4      | HP: 7/44 [poisoned by a scorpion]
  5085 | D:4      | Found a radiant altar of Vehumet.
  5206 | D:4      | Found a large runed translucent door.
  5206 | D:4      | Found a large runed translucent door.
  5207 | D:4      | Noticed SolusNox's ghost (novice TrMo)
  5237 | D:4      | Noticed Eustachio
  5250 | D:4      | Killed Eustachio
  5251 | D:4      | Reached skill level 2 in Fighting
  5251 | D:4      | Reached skill level 2 in Short Blades
  5251 | D:4      | Reached skill level 2 in Long Blades
  5251 | D:4      | Reached skill level 2 in Axes
  5251 | D:4      | Reached skill level 2 in Maces & Flails
  5251 | D:4      | Reached skill level 2 in Polearms
  5251 | D:4      | Reached skill level 2 in Staves
  5251 | D:4      | Reached skill level 2 in Slings
  5251 | D:4      | Reached skill level 2 in Bows
  5251 | D:4      | Reached skill level 2 in Crossbows
  5251 | D:4      | Reached skill level 2 in Throwing
  5251 | D:4      | Reached skill level 2 in Armour
  5251 | D:4      | Reached skill level 5 in Dodging
  5251 | D:4      | Reached skill level 2 in Shields
  5251 | D:4      | Reached skill level 2 in Unarmed Combat
  5251 | D:4      | Reached skill level 2 in Evocations
  5384 | D:4      | Reached XP level 7. HP: 50/50 MP: 15/18
  5486 | D:4      | Found Jumourim's Magic Scroll Boutique.
  5494 | D:4      | Bought a scroll of remove curse for 42 gold pieces
  5494 | D:4      | Bought a scroll of identify for 28 gold pieces
  5494 | D:4      | Bought a scroll of fog for 28 gold pieces
  5494 | D:4      | Bought a scroll of identify for 28 gold pieces
  5531 | D:4      | Found a sparkling altar of Nemelex Xobeh.
  5766 | D:4      | Became a worshipper of Vehumet
  5837 | D:5      | Entered Level 5 of the Dungeon
  5940 | D:5      | Reached skill level 2 in Hexes
  5940 | D:5      | Reached skill level 2 in Necromancy
  5940 | D:5      | Reached skill level 2 in Transmutations
  5940 | D:5      | Reached skill level 2 in Fire Magic
  5940 | D:5      | Reached skill level 2 in Ice Magic
  5940 | D:5      | Reached skill level 2 in Air Magic
  5940 | D:5      | Reached skill level 2 in Earth Magic
  5940 | D:5      | Reached skill level 2 in Poison Magic
  5945 | D:5      | Reached skill level 3 in Conjurations
  5945 | D:5      | Reached skill level 3 in Summonings
  5945 | D:5      | Reached skill level 3 in Translocations
  5962 | D:5      | Identified the Collected Works on the Shifting Volcanoes
  5967 | D:5      | Learned a level 2 spell: Passwall
  6050 | D:5      | Reached skill level 5 in Stealth
  6173 | D:5      | Reached skill level 3 in Invocations
  6334 | D:5      | Reached XP level 8. HP: 57/57 MP: 11/19
  6422 | D:5      | Reached skill level 3 in Fighting
  6422 | D:5      | Reached skill level 3 in Short Blades
  6422 | D:5      | Reached skill level 3 in Long Blades
  6422 | D:5      | Reached skill level 3 in Axes
  6422 | D:5      | Reached skill level 3 in Maces & Flails
  6422 | D:5      | Reached skill level 3 in Polearms
  6422 | D:5      | Reached skill level 3 in Staves
  6422 | D:5      | Reached skill level 3 in Slings
  6422 | D:5      | Reached skill level 3 in Bows
  6422 | D:5      | Reached skill level 3 in Crossbows
  6422 | D:5      | Reached skill level 3 in Throwing
  6422 | D:5      | Reached skill level 3 in Armour
  6422 | D:5      | Reached skill level 3 in Shields
  6422 | D:5      | Reached skill level 3 in Unarmed Combat
  6422 | D:5      | Reached skill level 3 in Evocations
  6915 | D:5      | Noticed Duvessa
  6952 | D:5      | Noticed Dowan
  6956 | D:5      | Killed Duvessa
  6956 | D:5      | Reached * piety under Vehumet
  6956 | D:5      | Offered knowledge of Shock by Vehumet.
  6986 | D:5      | Killed Dowan
  6987 | D:5      | Reached skill level 8 in Spellcasting
  7216 | D:5      | Learned a level 1 spell: Shock
  7608 | D:5      | Found an ancient bone altar of Kikubaaqudgha.
  7761 | D:6      | Reached skill level 4 in Invocations
  7811 | D:6      | Reached skill level 3 in Hexes
  7811 | D:6      | Reached skill level 3 in Necromancy
  7811 | D:6      | Reached skill level 3 in Transmutations
  7811 | D:6      | Reached skill level 3 in Fire Magic
  7811 | D:6      | Reached skill level 3 in Ice Magic
  7811 | D:6      | Reached skill level 3 in Air Magic
  7811 | D:6      | Reached skill level 3 in Earth Magic
  7811 | D:6      | Reached skill level 3 in Poison Magic
  7875 | D:6      | Reached skill level 6 in Dodging
  7875 | D:6      | Reached XP level 9. HP: 28/65 MP: 18/21
  7924 | D:6      | Found a sand-covered staircase.
  7940 | Ossuary  | Entered an ossuary
  8497 | Ossuary  | Reached ** piety under Vehumet
  8497 | Ossuary  | Offered knowledge of Sandblast by Vehumet.
  8840 | Ossuary  | Noticed Menkaure
  8919 | Ossuary  | Killed Menkaure
  9188 | D:6      | Reached skill level 4 in Fighting
  9188 | D:6      | Reached skill level 4 in Short Blades
  9188 | D:6      | Reached skill level 4 in Long Blades
  9188 | D:6      | Reached skill level 4 in Axes
  9188 | D:6      | Reached skill level 4 in Maces & Flails
  9188 | D:6      | Reached skill level 4 in Polearms
  9188 | D:6      | Reached skill level 4 in Staves
  9188 | D:6      | Reached skill level 4 in Slings
  9188 | D:6      | Reached skill level 4 in Bows
  9188 | D:6      | Reached skill level 4 in Crossbows
  9188 | D:6      | Reached skill level 4 in Throwing
  9188 | D:6      | Reached skill level 4 in Armour
  9188 | D:6      | Reached skill level 4 in Shields
  9188 | D:6      | Reached skill level 4 in Unarmed Combat
  9188 | D:6      | Reached skill level 4 in Conjurations
  9188 | D:6      | Reached skill level 4 in Summonings
  9188 | D:6      | Reached skill level 4 in Translocations
  9188 | D:6      | Reached skill level 4 in Evocations
  9462 | D:6      | Offered knowledge of Stone Arrow by Vehumet.
  9512 | D:6      | Found a staircase to the Ecumenical Temple.
  9677 | D:6      | Found an iron altar of Okawaru.
  9715 | D:7      | Reached skill level 6 in Stealth
  9717 | D:7      | Identified a scroll of acquirement
  9717 | D:7      | Acquired the amulet of Xutoupn {RegenMP rElec}
  9994 | D:7      | Reached *** piety under Vehumet
 10060 | D:7      | Found a flagged portal.
 10072 | Bailey   | Entered a bailey
 10091 | Bailey   | Offered knowledge of Fulminant Prism by Vehumet.
 10291 | Bailey   | HP: 13/66 [orc warrior/bolt (14)]
 10293 | Bailey   | HP: 1/66 [orc warrior/bolt (13)]
 10297 | Bailey   | Shot with a bolt by an orc warrior

Vanquished Creatures
  Menkaure (Ossuary)
  Duvessa (D:5)
  3 orc warriors
  2 sky beasts
  A black bear (D:7)
  A phantom (D:6)
  A necrophage (D:7)
  2 ogres
  A centaur (D:5)
  A bullfrog (D:5)
  Dowan (D:5)
  3 scorpions
  A bullfrog zombie (D:6)
  6 hounds
  4 jellies
  An orc wizard (D:6)
  3 orc priests
  A bullfrog skeleton (D:7)
  2 iguanas
  Terence (D:2)
  7 worker ants
  A killer bee zombie (D:7)
  A hound zombie (D:7)
  2 hound skeletons
  4 mummies
  Robin (D:2)
  A worker ant zombie (D:5)
  8 gnolls
  6 adders
  A shadow imp (D:7)
  A white imp (D:7)
  An ooze (D:3)
  An adder zombie (D:5)
  2 worms (D:2)
  A dart slug (D:2)
  4 leopard geckos
  17 orcs
  7 giant cockroaches
  6 hobgoblins
  2 jackals (D:6)
  3 quokkas
  13 bats
  2 frilled lizards
  3 gnoll skeletons (Ossuary)
  A gnoll zombie (Ossuary)
  21 goblins
  3 goblin skeletons (Ossuary)
  7 goblin zombies (Ossuary)
  A hobgoblin skeleton (Ossuary)
  5 hobgoblin zombies (Ossuary)
  6 kobolds
  6 kobold skeletons (Ossuary)
  3 kobold zombies (Ossuary)
  A leopard gecko skeleton (D:5)
  7 orc skeletons (Ossuary)
  2 orc zombies (Ossuary)
  A quokka skeleton (D:5)
  A quokka zombie (D:6)
  9 rats
  2 rat skeletons (Ossuary)
  8 rat zombies
  3 bushes (D:2)
219 creatures vanquished.

Vanquished Creatures (collateral kills)
  Eustachio (D:4)
  2 gnolls (D:4)
  An adder (D:4)
4 creatures vanquished.

Vanquished Creatures (others)
  A gnoll skeleton (Ossuary)
  A goblin skeleton (Ossuary)
  A kobold skeleton (Ossuary)
  12 plants
15 creatures vanquished.

Grand Total: 238 creatures vanquished

Table legend: (Time is in decaauts)
 A = Elapsed time spent in this place.
 B = Non-inter-level travel time spent in this place.
 C = Inter-level travel time spent in this place.
 D = Time resting spent in this place.
 E = Time spent auto-exploring this place.
 F = Levels seen in this place.
 G = Mean time per level.
                   A        B        C        D        E       F      G
               +--------+--------+--------+--------+--------+-----+--------+
         Total |  10338 |   9979 |    359 |   2596 |   5257 |   9 | 1148.7 |
       Dungeon |   8883 |   8524 |    359 |   1910 |   4897 |   7 | 1269.0 |
       Ossuary |   1229 |   1229 |      0 |    541 |    360 |   1 | 1229.0 |
        Bailey |    224 |    224 |      0 |    145 |      0 |   1 |  224.0 |
               +--------+--------+--------+--------+--------+-----+--------+

Top non-repeatable levels by time:
     D:2: 2299 daAuts
     D:5: 1797 daAuts
     D:4: 1494 daAuts
 Ossuary: 1229 daAuts
     D:3: 1169 daAuts
     D:6: 1025 daAuts
     D:1: 919 daAuts
  Bailey: 224 daAuts
     D:7: 178 daAuts

Table legend:
 A = Non-vault XP
 B = Vault XP
 C = Vault XP percentage of total XP
 D = Non-vault monster count
 E = Vault monster count
 F = Vault count percentage of total count
                 A         B        C        D         E       F
            +---------+---------+-------+---------+---------+-------
      Total |    2944 |     962 |  24.6 |     132 |      89 |  40.3
            +---------+---------+-------+---------+---------+-------
        D:1 |      14 |       5 |  26.3 |      10 |       3 |  23.1
        D:2 |      84 |      72 |  46.2 |      26 |      13 |  33.3
        D:3 |      44 |       3 |   6.4 |      15 |       2 |  11.8
        D:4 |     247 |     164 |  39.9 |      16 |       3 |  15.8
        D:5 |     999 |     301 |  23.2 |      26 |       5 |  16.1
        D:6 |     876 |      22 |   2.4 |      21 |       3 |  12.5
        D:7 |     680 |       8 |   1.2 |      18 |       4 |  18.2
    Ossuary |       0 |     245 | 100.0 |       0 |      52 | 100.0
     Bailey |       0 |     142 | 100.0 |       0 |       4 | 100.0
            +---------+---------+-------+---------+---------+-------
